 Dungeon Crawl Stone Soup version 0.20.1-1-g8b1a95d (webtiles) character file.

42 letownia2 the Grave Robber (level 3, -10/28 HPs)
             Began as a Deep Dwarf Necromancer on Dec 22, 2017.
             Killed by divine providence
             ... invoked by an orc priest
              (13 damage)
             ... on level 3 of the Dungeon.
             The game lasted 00:02:45 (774 turns).

letownia2 the Grave Robber (Deep Dwarf Necromancer)  Turns: 774, Time: 00:02:46

Health: -10/28     AC:  5    Str: 11    XL:     3   Next: 33%
Magic:  3/6        EV: 11    Int: 16    God:
Gold:   31         SH:  0    Dex: 13    Spells: 2/6 levels left

rFire    . . .     SeeInvis .   k - +0 whip
rCold    . . .     Gourm    .   (no shield)
rNeg     . . .     Faith    .   f - +0 ring mail
rPois    .         Spirit   .   (no helmet)
rElec    .         Reflect  .   (no cloak)
rCorr    .         Harm     .   (no gloves)
MR       .....                  (no boots)
Stlth    +.........             (no amulet)
Regen    0.0/turn               (no ring)
MPRegen  0.1/turn               (no ring)

@: non-regenerating
A: damage resistance, heal wounds, sense surroundings 1, no regeneration
a: Heal Wounds


You were on level 3 of the Dungeon.
You were not hungry.

You visited 1 branch of the dungeon, and saw 4 of its levels.

You collected 31 gold pieces.

Inventory:

Hand Weapons
 k - a +0 whip (weapon)
Missiles
 d - 14 bolts
Armour
 a - a +0 robe
 f - a +0 ring mail (worn)
Scrolls
 h - a scroll of enchant armour {unknown}
Potions
 e - a potion of agility {unknown}
 i - a potion of invisibility {unknown}
 l - 2 potions of flight {unknown}
Books
 b - a book of Necromancy

   Spells                             Type                      Level
   a - Pain                           Necromancy                   1
   b - Animate Skeleton               Necromancy                   1
   c - Vampiric Draining              Necromancy                   3
   d - Regeneration                   Charms/Necromancy            3
   e - Animate Dead                   Necromancy                   4
   f - Control Undead                 Necromancy                   4
 g - a book of Maledictions

   Spells                             Type                      Level
   a - Corona                         Hexes                        1
   b - Ensorcelled Hibernation        Hexes/Ice                    2
   c - Confuse                        Hexes                        3
   d - Tukima's Dance                 Hexes                        3
   e - Dazzling Spray                 Conjuration/Hexes            3
Comestibles
 c - a bread ration
 j - a meat ration
 m - a royal jelly
 n - 2 chunks of flesh


   Skills:
 - Level 2.1 Dodging
 - Level 2.4 Stealth
 - Level 2.2 Spellcasting
 + Level 5.4 Necromancy


You had 2 spell levels left.
You knew the following spells:

 Your Spells              Type           Power        Failure   Level  Hunger
a - Pain                  Necr           ###.         5%          1    #......
v - Vampiric Draining     Necr           ###.......   16%         3    ###....


Dungeon Overview and Level Annotations

Branches:
Dungeon (4/15)
 Temple: D:4-7

Altars:

Annotations:
D:3 homeworkjunkie's ghost, weakling HOFi
D:4 Pikel


Innate Abilities, Weirdness & Mutations

You are resistant to damage.
You can heal yourself by infusing magical energy.
You passively map a small area around you.
You do not regenerate.


Message History

The orc priest barely resists.
Casting: Pain
Confirm with . or Enter, or press ? or * to list all spells.
Aiming: Pain
Press: ? - help, Shift-Dir - straight line, f/p - orc priest
Aim: an orc priest, wielding a short sword and wearing a leather armour (chance to defeat MR: 78%)
The orc priest barely resists.
The orc priest calls down the wrath of Beogh upon you.
Beogh smites you!
* * * LOW HITPOINT WARNING * * *
Unknown command.
Casting: Pain
Confirm with . or Enter, or press ? or * to list all spells.
Aiming: Pain
Press: ? - help, Shift-Dir - straight line, f/p - orc priest
Aim: an orc priest, wielding a short sword and wearing a leather armour (chance to defeat MR: 78%)
The orc priest writhes in agony!
The orc priest calls down the wrath of Beogh upon you.
Beogh smites you!
You die...

* * #..)##.#####....#
,,...##....##.#### # *
...........# , , , .o#**
.##.####.#..#### ,
,#...#####.##..###.o...... ,
#..o.........K.K..#..## ***
#...######>.........
##.########..(.#.####
########..#@..........#.#
#####.......o...##...###..#..,
#............#####.### ##.###.
############.......# #.##*#.
##.##..###### #..# *
#######..##.......####.## **
#...(..>....#..##..###..##
#............#...#.......#
#..........#...#...#.#...###


You could see an orc priest.

Vanquished Creatures
  3 adders (D:3)
  3 orcs (D:3)
  2 goblins
  A hobgoblin (D:3)
  2 bats (D:3)
  A frilled lizard (D:3)
  2 rats (D:2)
14 creatures vanquished.

Notes
Turn   | Place    | Note
-------+----------+-------------------------------------------
     0 | D:1      | letownia2 the Deep Dwarf Necromancer began the quest for the Orb.
     0 | D:1      | Reached XP level 1. HP: 15/15 MP: 3/3
     9 | D:1      | You fall through a shaft!
   163 | D:3      | Reached XP level 2. HP: 13/22 MP: 0/5
   226 | D:3      | Reached skill level 5 in Necromancy
   364 | D:3      | Noticed homeworkjunkie's ghost (weakling HOFi)
   471 | D:4      | Noticed Pikel
   471 | D:4      | Noticed a slave
   471 | D:4      | Noticed a slave
   471 | D:4      | Noticed a slave
   471 | D:4      | Noticed a slave
   496 | D:2      | Reached XP level 3. HP: 6/28 MP: 2/6
   501 | D:2      | Learned a level 3 spell: Vampiric Draining
   774 | D:3      | Killed from afar by an orc priest

Skill      XL: |  1  2 |
---------------+-------+-----
Spellcasting   | 2 |  2.2
Necromancy     | 5 |  5.4
Dodging        | |  2.1
Stealth        | |  2.4

Action                   || total
-------------------------++-------
Melee: Whip              ||     8
       Unarmed           ||     1
 Cast: Pain              ||    35
       Vampiric Draining ||     2
Armor: Ring mail         ||    10
Dodge: Dodged            ||    19
